 Dungeon Crawl Stone Soup version 0.20.1-1-g8b1a95d (webtiles) character file.

779 Malachi the Cudgeler (level 7, 0/75 HPs)
             Began as an Ogre Berserker on July 22, 2017.
             Was a Priest of Trog.
             Slain by a killer bee (6 damage)
             ... on level 5 of the Dungeon.
             The game lasted 00:08:10 (3852 turns).

Malachi the Cudgeler (Ogre Berserker)               Turns: 3852, Time: 00:08:11

Health: 0/75       AC:  3    Str: 24      XL:     7   Next: 85%
Magic:  7/7        EV:  9    Int:  8      God:    Trog [***...]
Gold:   230        SH:  0    Dex:  2 (8)  Spells: 6/6 levels left

rFire    + . .     SeeInvis .   u - +1 giant club
rCold    . . .     Gourm    .   (shield currently unavailable)
rNeg     . . .     Faith    .   l - +0 robe {rF+}
rPois    .         Spirit   .   (helmet restricted)
rElec    .         Reflect  .   o - scarf {repulsion}
rCorr    .         Harm     .   (gloves unavailable)
MR       .....                  (boots unavailable)
Stlth    +.........             n - amulet of regeneration
Regen    0.7/turn               (no ring)
MPRegen  0.1/turn               (no ring)

@: lethally poisoned (0 -> -9), berserk cooldown, slowed, repel missiles, very
slow
A: unfitting armour, tough skin 1
a: Berserk, Trog's Hand, Burn Spellbooks, Renounce Religion


You were on level 5 of the Dungeon.
You worshipped Trog.
Trog was most pleased with you.
You were very hungry.

You visited 1 branch of the dungeon, and saw 5 of its levels.

You collected 230 gold pieces.

Inventory:

Hand Weapons
 a - a +0 mace
 s - a +0 flail
 u - a +1 giant club (weapon)
Armour
 b - a +0 animal skin
 l - a +0 robe of fire resistance (worn)
 o - a scarf of repulsion (worn)
 w - a scarf of cloud immunity
Jewellery
 n - an amulet of regeneration (around neck)
Wands
 h - a wand of flame (46/48)
Scrolls
 e - a scroll of remove curse
 j - 3 scrolls of identify
 k - a scroll of noise
 m - a scroll of fog
Potions
 d - a potion of mutation {unknown}
 g - 2 potions of flight
 q - 2 potions of berserk rage
 t - a potion of agility
 x - 2 potions of curing
 z - 2 potions of brilliance
 A - 2 potions of magic
Comestibles
 c - 3 bread rations
 f - 2 royal jellies
 v - a meat ration
 B - a chunk of flesh


   Skills:
 + Level 6.1 Fighting
 + Level 6.5 Maces & Flails
 + Level 4.2 Dodging
 + Level 0.8 Stealth


You had 6 spell levels left.
You didn't know any spells.

Dungeon Overview and Level Annotations

Branches:
Dungeon (5/15)
 Temple: D:4-7

Altars:
Kikubaaqudgha
Nemelex Xobeh
Ru
Sif Muna
Trog
Yredelemnul


Innate Abilities, Weirdness & Mutations

You are too large for most types of armour.
You have tough skin. (AC +1)


Message History

You are poisoned.
The killer bee poisons you! The killer bee stings you.
* * * LOW HITPOINT WARNING * * *
As you read the scroll labeled OPPYMAXZUE, it crumbles to dust.
It is a scroll of enchant weapon.
Your +0 giant club glows red for a moment.
You feel sick. The killer bee completely misses you. The killer bee stings you.
* * * LOW HITPOINT WARNING * * *
You are more poisoned.
The killer bee poisons you!
The killer bee stings you but does no damage.
As you read the scroll labeled JUPNUY BALUM, it crumbles to dust.
The creatures around you are filled with an inner flame!
It was a scroll of immolation.
You feel sick. The killer bee stings you.
* * * LOW HITPOINT WARNING * * *
You are more poisoned.
The killer bee poisons you! The killer bee stings you.
* * * LOW HITPOINT WARNING * * *
The killer bee stings you.
You die...

#. ### .####..
......# ##
......### ####.
#........# #....
### #.....##.#
..##.##.
#....##.....##.#
..##.### #..yy##
... ..##.#
.....###@## #.#
#.##.# ... ##.##
#.# #.##.# # ##.#
#.# #.##.#
#.###.###.##.#
##............##
#......##......#
#.##.##....###..##
..# #.#####.#
#.... ###
#.#####.###..##


You could see 2 killer bees.

Vanquished Creatures
  Grinder (D:4)
  An ogre (D:4)
  The ghost of Sharkie the Poker, an amateur MfSk of Gozag (D:3)
  A quasit (D:5)
  A centaur skeleton (D:5)
  A hound (D:4)
  An orc wizard (D:3)
  3 worker ants
  Terence (D:3)
  Robin (D:3)
  A gnoll (D:3)
  7 adders
  2 oozes
  2 adder skeletons
  3 worms (D:3)
  2 dart slugs
  A leopard gecko (D:5)
  4 orcs (D:3)
  5 giant cockroaches
  20 goblins
  10 hobgoblins
  6 jackals
  A quokka (D:3)
  A ball python (D:2)
  4 bats
  5 frilled lizards
  5 kobolds
  A leopard gecko skeleton (D:4)
  10 rats
102 creatures vanquished.

Notes
Turn   | Place    | Note
-------+----------+-------------------------------------------
     0 | D:1      | Malachi the Ogre Berserker began the quest for the Orb.
     0 | D:1      | Reached XP level 1. HP: 24/24 MP: 1/1
   103 | D:1      | Reached XP level 2. HP: 16/32 MP: 2/2
   968 | D:1      | Reached XP level 3. HP: 39/39 MP: 3/3
  1412 | D:2      | Reached ** piety under Trog
  1452 | D:2      | Reached XP level 4. HP: 42/49 MP: 4/4
  2040 | D:3      | Noticed Sharkie's ghost (amateur MfSk)
  2054 | D:3      | Killed Sharkie's ghost
  2054 | D:3      | Reached XP level 5. HP: 55/55 MP: 5/5
  2122 | D:3      | Noticed Terence
  2131 | D:3      | Killed Terence
  2189 | D:3      | Noticed Robin
  2201 | D:3      | Killed Robin
  2207 | D:3      | Reached XP level 6. HP: 36/65 MP: 6/6
  2271 | D:3      | Reached skill level 5 in Maces & Flails
  2389 | D:3      | Reached skill level 5 in Fighting
  2614 | D:3      | Reached *** piety under Trog
  2937 | D:4      | Noticed Grinder
  2947 | D:4      | Killed Grinder
  2947 | D:4      | Reached XP level 7. HP: 74/74 MP: 7/7
  3007 | D:4      | Found a bloodstained altar of Trog.
  3011 | D:4      | Found a sacrificial altar of Ru.
  3295 | D:4      | Found a deep blue altar of Sif Muna.
  3295 | D:4      | Found a sparkling altar of Nemelex Xobeh.
  3296 | D:4      | Found a basalt altar of Yredelemnul.
  3362 | D:5      | Entered Level 5 of the Dungeon
  3503 | D:5      | Found an ancient bone altar of Kikubaaqudgha.
  3852 | D:5      | Slain by a killer bee

Skill      XL: |  1  2  3  4  5  6  7 |
---------------+----------------------+-----
Maces & Flails | 3 4 6 |  6.5
Dodging        | 3 4 |  4.2
Fighting       | 5 6 |  6.1
Stealth        | |  0.8

Action                   |  1- 3 |  4- 6 |  7- 9 || total
-------------------------+-------+-------+-------++-------
Melee: Mace              |   125 |    81 |       ||   206
       Flail             |       |   109 |       ||   109
       Giant club        |       |    22 |    85 ||   107
Invok: Berserk           |       |     6 |     1 ||     7
  Use: Potion            |       |     6 |     2 ||     8
       Scroll            |       |       |    11 ||    11
  Eat: Chunk             |     2 |     5 |     4 ||    11
       Bread ration      |       |     1 |       ||     1
Armor: Animal skin       |    46 |    55 |    11 ||   112
       Robe              |       |       |    21 ||    21
Dodge: Dodged            |    81 |   149 |    74 ||   304
